 Dungeon Crawl Stone Soup version 0.29.1-2-gbd0b4ee654 (webtiles) character file.

Game seed: 7347098555829387594

8074 H0rd4k the Martial Artist (level 11, -4/67 HPs)
             Began as an Octopode Transmuter on Oct 26, 2022.
             Was an Initiate of Gozag.
             Succumbed to a black mamba's poison
             ... on level 1 of the Lair of Beasts.
             The game lasted 00:24:56 (16055 turns).

H0rd4k the Martial Artist (Octopode Transmuter)    Turns: 16055, Time: 00:24:56

Health: -4/67      AC: 10    Str: 11    XL:     11   Next: 25%
Magic:  20/22      EV: 23    Int: 19    God:    Gozag
Gold:   616        SH:  0    Dex: 17    Spells: 3/25 levels left

rFire   + . .      SeeInvis .     - Unarmed
rCold   + . .      Faith    .   (shield currently unavailable)
rNeg    . . .      Spirit   .   (helmet currently unavailable)
rPois   x          Reflect  .   (no amulet)
rElec   .          Harm     .   i - +4 ring of protection
rCorr   .          Rampage  .   u - ring of flight
Will    .....                   s - ring of protection from cold
Stlth   ++........              C - ring of Doqeh {Wiz rF+ Slay+3}
HPRegen 0.21/turn               L - +4 ring of protection
MPRegen 0.18/turn               (no ring)
                                (no ring)
                                (no ring)

@: lethally poisoned (-4 -> -45), spider-form, flying
A: venomous fangs, almost no armour, (amphibious), 8 rings, tiny, (camouflage
1), (gelatinous body 1), (nimble swimmer 1), (tentacles)
a: End Transformation, Renounce Religion, Potion Petition, Call Merchant, Bribe
Branch


You were on level 1 of the Lair of Beasts.
You worshipped Gozag.
Gozag was pleased with you.
You were a venomous arachnid creature.
You visited 2 branches of the dungeon, and saw 12 of its levels.

You collected 1441 gold pieces.
You spent 750 gold pieces at shops.
You paid 75 gold pieces to Gozag.

Inventory:

Missiles
 q - 11 poisoned darts (quivered)
Jewellery
 i - a +4 ring of protection (left front leg)
 s - a ring of protection from cold (on tentacle)
 u - a ring of flight (right front leg)
 C - the ring of Doqeh (on tentacle) {Wiz rF+ Slay+3}
   (You found it on level 8 of the Dungeon)

   [ring of wizardry]

   It improves your spell success rate.
   Slay:      It affects your accuracy & damage with ranged weapons and melee
   (+3).
   rF:        It protects you from fire.
 L - a +4 ring of protection (on tentacle)
Wands
 r - a wand of mindburst (25)
 v - a wand of charming (1)
 A - a wand of acid (12)
 F - a wand of flame (9)
Scrolls
 d - 2 scrolls of teleportation
 g - 2 scrolls of blinking
 j - 2 scrolls of vulnerability
 k - 3 scrolls of magic mapping
 m - 2 scrolls of fear
 p - a scroll of noise {unknown}
 t - a scroll of brand weapon {unknown}
 B - 2 scrolls of torment
 J - a scroll of poison {unknown}
Potions
 a - 3 potions of lignification
 b - 4 potions of flight
 c - 2 potions of invisibility {unknown}
 e - a potion of haste {unknown}
 h - 5 potions of might
 l - a potion of ambrosia
 n - a potion of berserk rage {unknown}
 w - 4 potions of brilliance
 x - a potion of curing
 z - 4 potions of attraction
 D - a potion of degeneration {unknown}
 G - a potion of mutation {unknown}
 K - a potion of cancellation {unknown}


   Skills:
 + Level 3.5 Fighting
 + Level 1.1 Throwing
 + Level 6.1 Dodging
 + Level 10.8 Unarmed Combat
 * Level 7.5 Spellcasting
 * Level 7.6 Transmutations
 + Level 1.7 Earth Magic
 + Level 4.5 Poison Magic
 + Level 0.6 Evocations


You had 3 spell levels left.
You knew the following spells:

 Your Spells              Type           Power      Damage    Failure   Level
a - Beastly Appendage     Tmut           72%        N/A       1%          1
b - Spider Form           Tmut/Pois      30%        N/A       3%          3
c - Mephitic Cloud        Conj/Pois/Air  12%        N/A       14%         3
d - Olgreb's Toxic Radia  Pois           24%        N/A       14%         4
e - Petrify               Tmut/Erth      25%        N/A       13%         4
f - Blade Hands           Tmut           18%        N/A       12%         5
g - Blink                 Tloc           14%        N/A       13%         2

Your spell library contained the following spells:

 Spells                   Type           Power      Damage    Failure   Level
 Wereblood                Tmut           36%        N/A       1%          2
 Ignite Poison            Fire/Tmut/Pois 22%        N/A       6%          3
 Magic Dart               Conj           28%        1d4       10%         1
 Call Imp                 Summ           7%         N/A       13%         2
 Lesser Beckoning         Tloc           7%         N/A       22%         3
 Ozocubu's Armour         Ice            7%         N/A       22%         3
 Portal Projectile        Hex/Tloc       14%        N/A       22%         3
 Tukima's Dance           Hex            7%         N/A       22%         3
 Ice Form                 Ice/Tmut       21%        N/A       17%         4
 Statue Form              Tmut/Erth      16%        N/A       77%         6
 Fireball                 Conj/Fire      3%         3d4       82%         5
 Freezing Cloud           Conj/Ice/Air   3%         6-21      82%         5
 Manifold Assault         Tloc           7%         N/A       82%         5
 Metabolic Englaciation   Hex/Ice        3%         N/A       82%         5
 Starburst                Conj/Fire      3%         6d3       100%        6
 Ozocubu's Refrigeration  Ice            3%         4d8       100%        7
 Ignition                 Fire           3%         3d4       100%        8
 Polar Vortex             Ice            3%         N/A       100%        9
 Simulacrum               Ice/Necr       Unusable   N/A       N/A         6

Dungeon Overview and Level Annotations

Branches:
Dungeon (11/15)            Temple (0/1) D:7            Lair (1/5) D:10
    Orc (0/2) D:9

Altars:
Cheibriados
Elyvilon
Gozag
Makhleb
Sif Muna
Uskayaw
Vehumet
Yredelemnul

Shops:
D:4 ?   D:5 =

Annotations:
D:1 exclusion: downstairs
D:3 exclusion: downstairs
D:4 exclusion: phantom
D:5 exclusion: downstairs
D:6 exclusion: water moccasin
D:8 exclusions: downstairs and steam dragon
D:9 exclusions: acid dragon, komodo dragon and 1 more exclusion
D:10 3 runed translucent doors, Sonja; lis82's ghost, journeyman DgAE
D:11 exclusion: upstairs


Innate Abilities, Weirdness & Mutations

You are a venomous arachnid creature.
You have poisonous fangs.
You are tiny and dextrous.
Your spellcasting is less reliable in this form.
Your armour is entirely melded.
You are incapable of wielding weapons or throwing items.
You cannot wear most types of armour.
((You are amphibious.))
You can wear up to eight rings at the same time.
((Your skin changes colour to match your surroundings (Stealth+).))
((Your rubbery body absorbs attacks. (AC +1, EV +1)))
((You are camouflaged when in or above water. (Stealth+)))
((You have tentacles for arms and can constrict up to eight enemies at once.))


Message History

You drop a staff of death.
You drop a staff of fire.
You drop a staff of earth.
A black mamba comes into view.
An elephant comes into view.
The black mamba hisses angrily.
The elephant moves out of view.
An elephant comes into view. x2
Casting: Spider Form (safe; 1% risk of failure)
Confirm with . or Enter, or press ? or * to list all spells.
You turn into a venomous arachnid creature.
The elephant trumpets!
An elephant comes into view.
The black mamba bites you!
You closely miss the black mamba.
The elephant trumpets!
The black mamba closely misses you.
An elephant comes into view.
The black mamba completely misses you.
The elephant trumpets! x2
You hit the black mamba.
The black mamba is lightly wounded.
You hear an angry hiss.
The black mamba bites you!
You hit the black mamba.
The black mamba is poisoned.
The black mamba is moderately wounded.
The black mamba bites you.
You are lethally poisoned!
The black mamba poisons you! The black mamba bites you.
* * * LOW HITPOINT WARNING * * *
Okay, then.
Unknown command.
As you read the scroll of fear, it crumbles to dust.
You assume a fearsome visage.
The elephant easily resists.
The elephant resists with some effort.
The elephant looks frightened! x3
The black mamba looks frightened!
* * * LOW HITPOINT WARNING * * *
You feel extremely sick.
You die...
Your body crumbles into a pile of gold.

..# ##...# ##...# $.....
..# #....# ....# Y.....
..####...####...##....Y.
..........##.....#...Y..
........................
........<.|||...S.Y.....
##....####.###.#...Y....
##...## ### ###........
#....# #s....... #...##
#........ #[...# ###
#........
#...######P###........
#.....................
######################


You could see 5 elephants and a black mamba (fleeing, very poisoned).

Vanquished Creatures
  A two-headed ogre (D:11)
  An elephant (Lair:1)
  A kobold demonologist (D:10)
  A troll (D:9)
  3 hornets (D:9)
  A slime creature (D:9)
  A shadow (D:11)
  A wyvern (D:8)
  10 yaks
  A steam dragon (D:9)
  A warg (D:10)
  2 acid dragons
  4 water moccasins
  A sky beast (D:7)
  2 orc warriors
  An ice beast (D:6)
  A black bear (D:7)
  2 centaurs
  3 kobold brigands (D:9)
  4 bullfrogs
  2 necrophages (D:6)
  A gnoll sergeant (D:9)
  6 scorpions
  A wight (D:9)
  6 killer bees (D:8)
  A howler monkey (D:8)
  A crimson imp (D:8)
  3 hounds
  3 jellies (D:7)
  6 orc priests
  A gnoll bouda (D:8)
  3 iguanas
  11 orc wizards
  12 gnolls
  11 adders
  A shadow imp (D:6)
  A white imp (D:5)
  2 ufetubi
  2 worms
  5 dart slugs
  23 orcs
  11 ball pythons
  8 endoplasms
  A giant cockroach (D:2)
  10 goblins
  5 hobgoblins
  7 jackals
  15 kobolds
  4 quokkas
  5 bats
  2 frilled lizards
  4 rats
216 creatures vanquished.

Vanquished Creatures (collateral kills)
  A shadow (D:10)
1 creature vanquished.

Vanquished Creatures (others)
  A warg (D:10)
  A bush (D:9)
  3 fungi
  A plant (Lair:1)
6 creatures vanquished.

Grand Total: 223 creatures vanquished

Notes
Turn   | Place    | Note
-------+----------+-------------------------------------------
     0 | D:1      | H0rd4k the Octopode Transmuter began the quest for the Orb.
     0 | D:1      | Reached XP level 1. HP: 13/13 MP: 3/3
   116 | D:1      | Reached XP level 2. HP: 18/18 MP: 5/5
   814 | D:1      | Reached XP level 3. HP: 23/23 MP: 6/6
  1182 | D:1      | Found a faded altar of an unknown god.
  1444 | D:1      | Reached skill level 4 in Unarmed Combat
  1674 | D:2      | Reached XP level 4. HP: 15/28 MP: 7/7
  1946 | D:2      | Found a white marble altar of Elyvilon.
  2547 | D:2      | Learned a level 3 spell: Spider Form
  2696 | D:3      | Reached XP level 5. HP: 24/33 MP: 8/8
  3125 | D:3      | Reached skill level 1 in Poison Magic
  4254 | D:4      | Noticed a phantom
  4314 | D:4      | Reached XP level 6. HP: 21/39 MP: 3/10
  4790 | D:4      | Found a basalt altar of Yredelemnul.
  4804 | D:4      | Reached skill level 5 in Unarmed Combat
  5062 | D:4      | Reached XP level 7. HP: 30/45 MP: 9/11
  5576 | D:4      | Found Hiates's Magic Scroll Shop.
  6357 | D:5      | Entered Level 5 of the Dungeon
  7076 | D:5      | Reached skill level 6 in Unarmed Combat
  7112 | D:5      | Found Rapyev's Jewellery Boutique.
  7504 | D:6      | Found an opulent altar of Gozag.
  7536 | D:6      | Became a worshipper of Gozag Ym Sagoz the Greedy
  7679 | D:6      | Reached XP level 8. HP: 43/50 MP: 11/13
  7912 | D:6      | HP: 1/50 [poisoned by a water moccasin]
  7918 | D:6      | Reached skill level 7 in Unarmed Combat
  9259 | D:7      | Learned a level 3 spell: Mephitic Cloud
  9264 | D:7      | Learned a level 4 spell: Olgreb's Toxic Radiance
  9339 | D:7      | Found a staircase to the Ecumenical Temple.
  9380 | D:7      | Reached XP level 9. HP: 55/55 MP: 12/15
 10001 | D:8      | Reached skill level 8 in Unarmed Combat
 10008 | D:8      | Identified the ring of Doqeh {Wiz rF+ Slay+3}
 10139 | D:8      | Found a burning altar of Makhleb.
 10200 | D:8      | Reached skill level 5 in Spellcasting
 10200 | D:8      | Reached skill level 5 in Transmutations
 10710 | D:8      | Learned a level 4 spell: Petrify
 11714 | D:9      | Found a shimmering blue altar of Sif Muna.
 11918 | D:9      | Noticed a komodo dragon
 11993 | D:9      | Found a hide-covered altar of Uskayaw.
 12060 | D:9      | Reached skill level 1 in Earth Magic
 12206 | D:9      | Learned a level 5 spell: Blade Hands
 12329 | D:9      | Noticed a catoblepas
 12329 | D:9      | Noticed a cyclops
 12329 | D:9      | Noticed a boulder beetle
 12329 | D:9      | Noticed a six-headed hydra
 12347 | D:9      | Reached skill level 5 in Dodging
 12347 | D:9      | Reached skill level 9 in Unarmed Combat
 12766 | D:9      | Reached XP level 10. HP: 61/61 MP: 13/19
 13299 | D:9      | Noticed a two-headed ogre
 13521 | D:9      | Paralysed by a hornet for 1 turns
 13880 | D:4      | Bought a scroll of identify for 24 gold pieces
 13880 | D:4      | Bought a scroll of identify for 24 gold pieces
 13880 | D:4      | Bought a scroll of teleportation for 36 gold pieces
 13880 | D:4      | Bought a scroll of identify for 24 gold pieces
 13880 | D:4      | Bought a scroll of blinking for 90 gold pieces
 13880 | D:4      | Bought a scroll of fear for 48 gold pieces
 13911 | D:5      | Bought a +4 ring of protection for 504 gold pieces
 14112 | D:9      | Found a staircase to the Orcish Mines.
 14149 | D:9      | Found a radiant altar of Vehumet.
 14931 | D:10     | Entered Level 10 of the Dungeon
 14931 | D:10     | Noticed a kobold demonologist
 14934 | D:10     | Killed a kobold demonologist
 14935 | D:10     | Reached skill level 10 in Unarmed Combat
 14964 | D:10     | Found a runed translucent gate.
 14965 | D:10     | Found a runed translucent gate.
 14966 | D:10     | Found a runed translucent gate.
 14969 | D:10     | Noticed lis82's ghost (journeyman DgAE)
 15067 | D:11     | Noticed a gargoyle
 15189 | D:11     | Noticed a two-headed ogre
 15357 | D:11     | Killed a two-headed ogre
 15413 | D:11     | Noticed a manticore
 15431 | D:10     | Found a staircase to the Lair.
 15684 | D:10     | Learned a level 2 spell: Blink
 15694 | D:10     | Reached XP level 11. HP: 67/67 MP: 17/21
 15705 | D:10     | Reached skill level 1 in Throwing
 15756 | D:10     | Found a snail-covered altar of Cheibriados.
 15797 | D:10     | Noticed Sonja
 15807 | Lair:1   | Entered Level 1 of the Lair of Beasts
 16055 | Lair:1   | Succumbed to a black mamba's poison

Illustrated notes

Levels and vault maps discovered:
D:1:      kennysheep_arrival_forest, layout_loops_ring,
          hellmonk_ecumenical_altar_inner_sanctum
D:2:      layout_basic, basic_altar
D:3:      layout_basic
D:4:      old_forge, layout_layer_cave, overflow_temple_1_default, serial_shops,
          shop, chequers_serial_rivers_room_a, minmay_misc_feat_room,
          columned_hall_lemuel, nicolae_hexahallways, hangedman_feature_mirror
D:5:      layout_gridville, hangedman_abyss_or_decor_passed,
          nicolae_stop_n_shop_1
D:6:      layout_gridville, kennysheep_mini_moat
D:7:      layout_loops_ring, minmay_temple_entry_arrows,
          hangedman_decor_peaks_small
D:8:      layout_cave_pods, makhleb_grotto_becter
D:9:      minmay_the_grid_net [minmay_the_grid_expand,
          minmay_the_grid_zigzag_pyramid, minmay_the_grid_minigrid_medium,
          minmay_the_grid_medium_cups, minmay_the_grid_dragon_b,
          minmay_the_grid_prize_big_room], layout_basic,
          mainiacjoe_overflow_24_doors, mainiacjoe_overflow_boulevard,
          old_standard_altar
D:10:     layout_cross, nicolae_wu_jian_glorious_leap, kennysheep_slug_shrine,
          erik_lair_orcish_takeover, gammafunk_ghost_spectres, uniq_sonja
D:11:     layout_long_grid
Lair:1:   layout_small_grid

Skill      XL: |  1  2  3  4  5  6  7  8  9 10 11 |
---------------+----------------------------------+-----
Unarmed Combat | 4 5 6 7 9 10 | 10.8
Poison Magic   | 1 2 3 4 |  4.5
Dodging        | 3 4 5 6 |  6.1
Spellcasting   | 3 4 6 7 |  7.5
Transmutations | 3 4 5 7 |  7.6
Fighting       | 2 3 |  3.5
Earth Magic    | 1 |  1.7
Throwing       | 1 |  1.1
Evocations     | |  0.6

Action                   |  1- 3 |  4- 6 |  7- 9 | 10-12 || total
-------------------------+-------+-------+-------+-------++-------
Melee: Unarmed           |    76 |   135 |   325 |   175 ||   711
       Constrict         |    22 |    26 |    12 |     1 ||    61
       Tentacles         |    18 |    19 |    10 |     7 ||    54
       Punch             |     3 |     6 |     3 |     2 ||    14
       Kick              |       |    16 |     3 |       ||    19
Throw: Dart              |       |       |     2 |     5 ||     7
 Cast: Beastly Appendage |       |     6 |     2 |       ||     8
       Spider Form       |       |     6 |    35 |    17 ||    58
       Blade Hands       |       |       |     2 |     4 ||     6
Evoke: Wand              |       |       |       |     5 ||     5
  Use: Scroll            |       |       |     8 |     8 ||    16
       Potion            |       |       |     3 |     2 ||     5
 Stab: Sleeping          |    11 |     6 |     3 |     1 ||    21
       Distracted        |     1 |       |       |     2 ||     3
Armor: Skin              |     3 |    39 |    33 |    38 ||   113
Dodge: Dodged            |    36 |   113 |   222 |   122 ||   493
